 Dungeon Crawl Stone Soup version 0.23-a0-398-g8eab93f (webtiles) character file.

86 nikopol the Firebug (level 4, 0/24 HPs)
             Began as a Deep Elf Fire Elementalist on Nov 3, 2018.
             Slain by an adder (2 damage)
             ... on level 3 of the Dungeon.
             The game lasted 00:04:49 (2086 turns).

nikopol the Firebug (Deep Elf Fire Elementalist)    Turns: 2086, Time: 00:04:50

Health: 0/24       AC:  3    Str:  5    XL:     4   Next: 26%
Magic:  0/12       EV: 12    Int: 21    God:
Gold:   65         SH:  3    Dex: 15    Spells: 5/11 levels left

rFire    . . .     SeeInvis .   (no weapon)
rCold    . . .     Gourm    .   m - +0 buckler
rNeg     . . .     Faith    .   a - +0 robe
rPois    .         Spirit   .   j - +0 helmet
rElec    .         Reflect  .   (no cloak)
rCorr    .         Harm     .   (no gloves)
MR       .....                  (no boots)
Stlth    +++.......             (no amulet)
HPRegen  0.08/turn              l - ring of stealth
MPRegen  0.13/turn              (no ring)

@: no status effects
A: no striking features
a: no special abilities


You were on level 3 of the Dungeon.
You were not hungry.

You visited 1 branch of the dungeon, and saw 3 of its levels.

You collected 65 gold pieces.

Inventory:

Armour
 a - a +0 robe (worn)
 j - a +0 helmet (worn)
 m - a +0 buckler (worn)
Jewellery
 l - a ring of stealth (left hand)
Scrolls
 d - a scroll of remove curse {unknown}
 f - 2 scrolls of identify {unknown}
 g - a scroll of enchant weapon {unknown}
 h - a scroll of fear {unknown}
Potions
 b - a potion of ambrosia {unknown}
 e - a potion of curing {unknown}
 i - a potion of flight {unknown}
 k - a potion of magic {unknown}
Comestibles
 c - 7 rations
 n - 2 chunks of flesh


   Skills:
 + Level 2.6 Dodging
 + Level 2.7 Stealth
 * Level 0.3 Shields
 + Level 4.0 Spellcasting
 + Level 2.4 Conjurations
 + Level 4.2 Fire Magic


You had 5 spell levels left.
You knew the following spells:

 Your Spells              Type           Power        Failure   Level  Hunger
a - Flame Tongue          Conj/Fire      ###..        4%          1    None
b - Throw Flame           Conj/Fire      ###...       7%          2    #......
c - Conjure Flame         Conj/Fire      ###.....     14%         3    ###....

Your spell library contained the following spells:

 Spells                   Type           Power        Failure   Level  Hunger
 Inner Flame              Hex/Fire       ##......     24%         3    ###....
 Sticky Flame             Conj/Fire      ###.....     43%         4    ####...
 Fireball                 Conj/Fire      ###.......   78%         5    ######.


Dungeon Overview and Level Annotations

Branches:
Dungeon (3/15)

Altars:
Cheibriados
Elyvilon

Annotations:
D:3 Ijyb


Message History

Casting: Flame Tongue (safe; 4% risk of failure)
Confirm with . or Enter, or press ? or * to list all spells.
Aiming: Flame Tongue (safe; 4% risk of failure)
Press: ? - help, Shift-Dir - straight line, f/p - adder
Aim: an adder The flame tongue hits the adder.
The adder is lightly wounded.
The adder barely misses you. Ijyb hits you.
* * * LOW HITPOINT WARNING * * *
The adder closely misses you.
Casting: Flame Tongue (safe; 4% risk of failure)
Confirm with . or Enter, or press ? or * to list all spells.
Aiming: Flame Tongue (safe; 4% risk of failure)
Press: ? - help, Shift-Dir - straight line, f/p - adder
Aim: an adder (lightly wounded)
The flame tongue hits the adder.
The adder is severely wounded.
Ijyb screams, "I no like you!" Ijyb hits you but does no damage.
The adder bites you.
You die...

# ############### . .
#.@goo#.).....# #
....#S###.#.#####.#####
$...........# #......
........#...# #.#####
.......#.....# #.#####
.......###..## #....##
....... ...# #.##.##
....... ..... #......
...# #.....# ####.##


You could see Ijyb, an adder and 2 orcs.

Vanquished Creatures
  2 adders
  2 worms (D:2)
  A dart slug (D:2)
  5 leopard geckos
  2 orcs (D:3)
  A giant cockroach (D:1)
  7 hobgoblins
  2 quokkas (D:2)
  11 bats
  A frilled lizard (D:1)
  4 goblins
  9 kobolds
  7 rats
54 creatures vanquished.

Notes
Turn   | Place    | Note
-------+----------+-------------------------------------------
     0 | D:1      | nikopol the Deep Elf Fire Elementalist began the quest for
                  | the Orb.
     0 | D:1      | Reached XP level 1. HP: 10/10 MP: 6/6
   217 | D:1      | Reached XP level 2. HP: 15/15 MP: 5/8
   946 | D:2      | Reached XP level 3. HP: 19/19 MP: 4/9
   950 | D:2      | Learned a level 2 spell: Throw Flame
   954 | D:2      | Learned a level 3 spell: Conjure Flame
  1005 | D:2      | Found a white marble altar of Elyvilon.
  1274 | D:2      | Found a snail-covered altar of Cheibriados.
  1888 | D:3      | Reached XP level 4. HP: 24/24 MP: 9/11
  2042 | D:3      | Noticed Ijyb
  2086 | D:3      | Slain by an adder

Vault maps used:
D:1:      scummos_arrival_gate
D:2:      lemuel_doored_altar, first_ration, elyvilon_altar_1
D:3:      uniq_ijyb

Skill      XL: |  1  2  3  4 |
---------------+-------------+-----
Fire Magic     | 4 |  4.2
Conjurations   | 2 |  2.4
Spellcasting   | 4 |  4.0
Dodging        | |  2.6
Stealth        | |  2.7
Shields        | |  0.3

Action                   |  1- 3 |  4- 6 || total
-------------------------+-------+-------++-------
 Cast: Flame Tongue      |    89 |    22 ||   111
  Eat: Chunk             |     2 |     1 ||     3
Armor: Robe              |     8 |     3 ||    11
Dodge: Dodged            |    22 |     8 ||    30
Block: Buckler           |       |     2 ||     2

Table legend:
 A = Non-vault XP
 B = Vault XP
 C = Vault XP percentage of total XP
 D = Non-vault monster count
 E = Vault monster count
 F = Vault count percentage of total count
                 A         B        C        D         E       F
            +---------+---------+-------+---------+---------+-------
      Total |     123 |       0 |   0.0 |      54 |       0 |   0.0
            +---------+---------+-------+---------+---------+-------
        D:1 |      37 |       0 |   0.0 |      23 |       0 |   0.0
        D:2 |      59 |       0 |   0.0 |      24 |       0 |   0.0
        D:3 |      27 |       0 |   0.0 |       7 |       0 |   0.0
            +---------+---------+-------+---------+---------+-------
